2268 views
Uploaded 2021-11-06 15:21:41
Game version 1.32.10
10:33 long 2on2 ladder game on (6)GnollWood
Saved by qiqi214
2268 views
Uploaded 2021-11-06 15:21:41
Game version 1.32.10
10:33 long 2on2 ladder game on (6)GnollWood


38 units @ 5.3k
/ 0.7k
23 buildings @ 3.5k
/ 1.2k
MATCHETE
(10:30) : 
| Peon | 10 | 750 | / | 0 |
| Troll Headhunter | 11 | 1540 | / | 220 |
| total: | 21 | 2290g | / | 220w |
| Watch Tower | 5 | 550 | / | 400 |
| Altar of Storms | 1 | 180 | / | 50 |
| Orc Burrow | 5 | 800 | / | 200 |
| War Mill | 1 | 205 | / | 0 |
| Voodoo Lounge | 1 | 130 | / | 30 |
| Barracks | 2 | 360 | / | 100 |
| Stronghold | 1 | 315 | / | 190 |
| Fortress | 1 | 325 | / | 190 |
| total: | 15 | 2225g | / | 780w |
| 0:07 | Peon |
| 0:07 | Peon |
| 0:13 | Altar of Storms |
| 0:55 | Peon |
| 0:55 | Peon |
| 1:02 | Orc Burrow |
| 1:05 | Peon |
| 1:14 | War Mill |
| 1:42 | Peon |
| 1:49 | Peon |
| 2:05 | Voodoo Lounge |
| 2:11 | Peon |
| 2:21 | Barracks |
| 2:29 | Orc Burrow |
| 2:36 | Orc Burrow |
| 2:40 | Peon |
| 2:42 | Peon |
| 2:48 | Watch Tower |
| 2:53 | Feral Spirit |
| 3:14 | Watch Tower |
| 3:32 | Troll Headhunter |
| 3:33 | Troll Headhunter |
| 3:38 | Barracks |
| 3:52 | Orc Burrow |
| 4:30 | Troll Headhunter |
| 4:44 | Troll Headhunter |
| 5:47 | Troll Headhunter |
| 5:48 | Stronghold |
| 6:30 | Troll Headhunter |
| 6:33 | Orc Burrow |
| 6:38 | Chain Lighting |
| 7:09 | Spiked Barricades |
| 7:10 | Steel Ranged Weapons |
| 7:12 | Watch Tower |
| 7:15 | Watch Tower |
| 7:21 | Troll Headhunter |
| 7:26 | Watch Tower |
| 7:45 | Troll Headhunter |
| 8:35 | Troll Headhunter |
| 8:37 | Fortress |
| 9:10 | Troll Headhunter |
| 9:40 | Thorium Ranged Weapons |
| 10:30 | Troll Headhunter |
| Right click | 306 |
| Select | 150 |
| Build/train/purchase | 34 |
| Resource trade | 8 |
| Use ability | 5 |
| Minimap ping | 1 |


| Orb of Corruption | 2 | 750 |
| Boots of Speed | 1 | 250 |
| total: | 3 | 1000g |
| Acolyte | 2 | 150 | / | 0 |
| Ghoul | 3 | 360 | / | 0 |
| Crypt Fiend | 10 | 2150 | / | 400 |
| Obsidian Statue | 2 | 400 | / | 70 |
| total: | 17 | 3060g | / | 470w |
| Crypt | 1 | 200 | / | 50 |
| Graveyard | 1 | 215 | / | 0 |
| Ziggurat | 3 | 450 | / | 150 |
| Altar of Darkness | 1 | 180 | / | 50 |
| Tomb of Relics | 1 | 130 | / | 30 |
| Slaughterhouse | 1 | 140 | / | 135 |
| Halls of the Dead | 2 | 640 | / | 420 |
| Black Citadel | 1 | 325 | / | 230 |
| total: | 8 | 1315g | / | 415w |
| 0:02 | Acolyte |
| 0:06 | Crypt |
| 0:12 | Acolyte |
| 0:37 | Graveyard |
| 0:42 | Halls of the Dead |
| 1:11 | Ghoul |
| 1:40 | Ziggurat |
| 2:15 | Altar of Darkness |
| 2:31 | Ziggurat |
| 2:33 | Ghoul |
| 2:33 | Ghoul |
| 3:15 | Crypt Fiend |
| 3:32 | Acid Bomb |
| 3:34 | Black Arrow |
| 3:43 | Ziggurat |
| 3:57 | Boots of Speed |
| 4:26 | Crypt Fiend |
| 5:01 | Black Citadel |
| 5:21 | Crypt Fiend |
| 5:21 | Burrow |
| 6:05 | Creature Attack |
| 6:05 | Improved Creature Attack |
| 6:31 | Crypt Fiend |
| 6:40 | Slaughterhouse |
| 6:41 | Tomb of Relics |
| 7:19 | Crypt Fiend |
| 7:46 | Chemical Rage |
| 7:51 | Obsidian Statue |
| 7:54 | Crypt Fiend |
| 7:54 | Crypt Fiend |
| 7:57 | Orb of Corruption |
| 7:57 | Orb of Corruption |
| 8:58 | Crypt Fiend |
| 9:36 | Crypt Fiend |
| 9:37 | Obsidian Statue |
| 10:07 | Crypt Fiend |
| Right click | 413 |
| Select group | 220 |
| Select | 147 |
| Misc. action | 95 |
| Assign group | 73 |
| Build/train/purchase | 52 |
| Resource trade | 12 |
| Use ability | 10 |
| Minimap ping | 5 |
| Chat | 4 |
| Esc | 3 |
| Item give/drop | 2 |
45 units @ 5.2k
/ 0.3k
28 buildings @ 3.5k
/ 1.4k


| Potion of Healing | 1 | 150 |
| Dust of Appearance | 1 | 75 |
| Scroll of Town Portal | 1 | 350 |
| Staff of Teleportation | 1 | 150 |
| Potion of Lesser Invulnerability | 1 | 150 |
| total: | 5 | 875g |
| Peasant | 20 | 1500 | / | 0 |
| Footman | 5 | 675 | / | 0 |
| Rifleman | 4 | 820 | / | 120 |
| total: | 29 | 2995g | / | 120w |
| Scout Tower | 6 | 180 | / | 120 |
| Guard Tower | 3 | 210 | / | 150 |
| Arcane Tower | 1 | 70 | / | 50 |
| Altar of Kings | 1 | 180 | / | 50 |
| Barracks | 1 | 160 | / | 60 |
| Farm | 5 | 400 | / | 100 |
| Lumber Mill | 1 | 120 | / | 0 |
| Town Hall | 1 | 385 | / | 205 |
| Blacksmith | 1 | 140 | / | 60 |
| Arcane Vault | 1 | 130 | / | 30 |
| Arcane Sanctum | 1 | 150 | / | 140 |
| Keep | 1 | 320 | / | 210 |
| total: | 18 | 1845g | / | 765w |
| 0:05 | Peasant |
| 0:05 | Peasant |
| 0:09 | Altar of Kings |
| 0:13 | Barracks |
| 0:14 | Peasant |
| 0:29 | Farm |
| 0:44 | Peasant |
| 0:53 | Farm |
| 0:58 | Peasant |
| 1:19 | Footman |
| 1:31 | Footman |
| 1:40 | Farm |
| 1:50 | Peasant |
| 2:05 | Footman |
| 2:14 | Summon Water Elemental |
| 2:21 | Farm |
| 2:35 | Footman |
| 3:09 | Footman |
| 3:12 | Lumber Mill |
| 3:14 | Peasant |
| 3:14 | Peasant |
| 3:19 | Peasant |
| 3:46 | Brilliance Aura |
| 4:07 | Town Hall |
| 5:33 | Keep |
| 5:36 | Blacksmith |
| 5:44 | Peasant |
| 5:44 | Peasant |
| 5:44 | Peasant |
| 5:46 | Scout Tower |
| 5:59 | Farm |
| 6:01 | Improved Masonry |
| 6:02 | Improved Lumber Harvesting |
| 6:08 | Staff of Teleportation |
| 6:16 | Guard Tower |
| 6:52 | Summon Water Elemental |
| 7:14 | Peasant |
| 7:14 | Peasant |
| 7:14 | Peasant |
| 7:14 | Peasant |
| 7:32 | Scout Tower |
| 7:33 | Peasant |
| 7:33 | Peasant |
| 7:33 | Peasant |
| 7:33 | Peasant |
| 7:38 | Scout Tower |
| 7:48 | Rifleman |
| 7:48 | Rifleman |
| 7:51 | Dust of Appearance |
| 7:55 | Potion of Lesser Invulnerability |
| 8:07 | Arcane Tower |
| 8:13 | Scout Tower |
| 8:40 | Arcane Sanctum |
| 8:49 | Guard Tower |
| 8:52 | Arcane Vault |
| 9:04 | Rifleman |
| 9:15 | Scout Tower |
| 9:24 | Rifleman |
| 9:27 | Advanced Masonry |
| 9:34 | Storm Bolt |
| 9:43 | Scroll of Town Portal |
| 9:55 | Guard Tower |
| 10:11 | Potion of Healing |
| 10:28 | Scout Tower |
| Right click | 792 |
| Select | 250 |
| Build/train/purchase | 70 |
| Use ability | 3 |
| Item give/drop | 2 |
| Minimap ping | 2 |
| Misc. action | 1 |
| Remove unit | 1 |


| Healing Salve | 3 | 300 |
| Lesser Clarity Potion | 4 | 280 |
| Scroll of Speed | 2 | 100 |
| Orb of Lightning | 1 | 375 |
| Dust of Appearance | 1 | 75 |
| Boots of Speed | 1 | 250 |
| total: | 12 | 1380g |
| Peon | 9 | 675 | / | 0 |
| Grunt | 5 | 1000 | / | 0 |
| Tauren | 2 | 560 | / | 160 |
| total: | 16 | 2235g | / | 160w |
| Altar of Storms | 1 | 180 | / | 50 |
| Orc Burrow | 4 | 640 | / | 160 |
| Barracks | 1 | 180 | / | 50 |
| Voodoo Lounge | 1 | 130 | / | 30 |
| War Mill | 1 | 205 | / | 0 |
| Tauren Totem | 2 | 270 | / | 310 |
| Stronghold | 2 | 630 | / | 380 |
| Fortress | 2 | 650 | / | 380 |
| total: | 10 | 1605g | / | 600w |
| 0:02 | Peon |
| 0:02 | Peon |
| 0:02 | Peon |
| 0:04 | Altar of Storms |
| 0:14 | Orc Burrow |
| 0:33 | Barracks |
| 0:41 | Peon |
| 0:53 | Peon |
| 0:53 | Peon |
| 1:11 | Peon |
| 1:25 | Orc Burrow |
| 1:36 | Grunt |
| 1:36 | Grunt |
| 1:50 | Voodoo Lounge |
| 1:56 | Peon |
| 1:56 | Peon |
| 2:19 | Grunt |
| 2:35 | Critical Strike |
| 2:49 | Stronghold |
| 3:12 | Grunt |
| 3:47 | Grunt |
| 3:59 | Wind Walk |
| 4:17 | War Mill |
| 4:18 | Orc Burrow |
| 5:41 | Wind Walk |
| 5:49 | Fortress |
| 6:06 | Tauren Totem |
| 6:22 | Boots of Speed |
| 6:38 | Tauren Totem |
| 6:45 | Healing Salve |
| 6:45 | Healing Salve |
| 6:45 | Healing Salve |
| 6:46 | Lesser Clarity Potion |
| 6:46 | Lesser Clarity Potion |
| 6:46 | Lesser Clarity Potion |
| 6:46 | Scroll of Speed |
| 6:47 | Scroll of Speed |
| 7:14 | Hex |
| 7:33 | Orc Burrow |
| 8:07 | Dust of Appearance |
| 8:20 | Critical Strike |
| 8:58 | Pulverize |
| 8:59 | Tauren |
| 10:10 | Healing Wave |
| 10:16 | Tauren |
| 10:20 | Lesser Clarity Potion |
| 10:31 | Orb of Lightning |
| Right click | 865 |
| Select group | 586 |
| Select | 191 |
| Assign group | 132 |
| Build/train/purchase | 57 |
| Chat | 36 |
| Misc. action | 26 |
| Use ability | 11 |
| Minimap ping | 10 |
| Item give/drop | 2 |
โ